 Dungeon Crawl Stone Soup version 0.31-a0-1603-gbec6b6ccbf (webtiles) character file.

Game seed: 1737215706137160593

623 pokeman the Thaumaturge (level 7, -2/40 HPs)
             Began as a Deep Elf Hedge Wizard on Jan 7, 2024.
             Slain by a phantom (7 damage)
             ... on level 5 of the Dungeon.
             The game lasted 00:06:35 (4421 turns).

pokeman the Thaumaturge (Deep Elf Hedge Wizard)     Turns: 4421, Time: 00:06:36

Health: -2/40      AC:  2    Str:  9    XL:     7   Next: 22%
Magic:  14/20      EV: 13    Int: 21    God:
Gold:   14         SH:  0    Dex: 18    Spells: 14/22 levels left

rFire   . . .        l - +5 dagger "Guad" {drain, Str+2 Dex+4 SInv}
rCold   . . .        (no shield)
rNeg    . . .        b - +0 robe
rPois   .            c - +0 hat
rElec   .            (no cloak)
rCorr   .            (no gloves)
SInv    +            (no boots)
Will    .....        k - amulet of regeneration
Stlth   ++           t - ring of wizardry
HPRegen 1.06/turn    (no ring)
MPRegen 0.17/turn

%: wizardry (x1)
@: no status effects
A: no striking features
a: no special abilities


You were on level 5 of the Dungeon.
You visited 1 branch of the dungeon, and saw 5 of its levels.

You collected 199 gold pieces.
You spent 185 gold pieces at shops.

Inventory:

Hand Weapons
 l - the +5 dagger "Guad" (weapon) {drain, Str+2 Dex+4 SInv}
   (You found it on level 2 of the Dungeon)

   Str+2:     It affects your strength (+2).
   Dex+4:     It affects your dexterity (+4).
   SInv:      It lets you see invisible.
Armour
 b - a +0 robe (worn)
 c - a +0 hat (worn)
Jewellery
 k - an amulet of regeneration (around neck)
 t - a ring of wizardry (left hand)
Wands
 s - a wand of quicksilver (4)
Scrolls
 f - 3 scrolls of teleportation
 h - 5 scrolls of identify
 j - a scroll of butterflies {unknown}
 m - a scroll of enchant armour {unknown}
 n - a scroll of fog {unknown}
 p - a scroll of blinking
 q - a scroll of enchant weapon {unknown}
 r - a scroll of noise
Potions
 a - 2 potions of cancellation {unknown}
 d - a potion of magic
 e - 2 potions of curing {unknown}
 g - a potion of haste {unknown}
 i - 2 potions of resistance {unknown}
 o - a potion of might {unknown}


   Skills:
 + Level 2.1 Fighting
 - Level 1.0 Armour
 - Level 3.0 Dodging
 - Level 3.0 Stealth
 * Level 8.0 Spellcasting
 + Level 3.9 Conjurations
 - Level 1.1 Summonings
 - Level 1.1 Translocations
 - Level 1.0 Air Magic
 - Level 1.3 Alchemy
 + Level 1.3 Evocations


You had 14 spell levels left.
You knew the following spells:

 Your Spells              Type           Power      Damage    Failure   Level
a - Magic Dart            Conj           100%       1d8       1%          1
b - Mephitic Cloud        Conj/Alch/Air  17%        N/A       4%          3
c - Call Imp              Summ           26%        N/A       3%          2
d - Blink                 Tloc           26%        N/A       3%          2

Your spell library contained the following spells:

 Spells                   Type           Power      Damage    Failure   Level
 Slow                     Hex            32%        N/A       3%          1
 Cigotuvi's Dreadful Rot  Necr/Alch/Air  22%        N/A       3%          2


Dungeon Overview and Level Annotations

Branches:
Dungeon (5/15)
 Temple: D:4-7

Altars:
Ashenzari

Shops:
D:3 ?


Message History

Your Fighting skill increases to level 2!
Your Evocations skill increases to level 1!
You have reached level 7!
Casting: Blink (safe; 3% risk of failure)
Confirm with . or Enter, or press ? or * to list all spells.
You blink.
Unknown command.
Unknown command.
You hit the ice beast but do no damage. You drain the ice beast.
The ice beast is almost dead.
The ice beast hits you but does no damage.
The phantom barely misses you. The sleepcap misses you.
Unknown command.
Unknown command.
You hit the ice beast.
You kill the ice beast!
The phantom hits you but does no damage.
The sleepcap misses you.
Your Spellcasting skill increases to level 8!
Unknown command.
Unknown command.
You hit the phantom.
The phantom is almost destroyed.
The phantom hits you but does no damage.
The sleepcap barely misses you.
Unknown command.
Unknown command.
You closely miss the phantom.
The phantom is almost destroyed.
The phantom hits you!
* * * LOW HITPOINT WARNING * * *
The sleepcap releases spores at you.
* * * LOW HITPOINT WARNING * * *
Unknown command.
Unknown command.
You hit the phantom.
The phantom is almost destroyed.
You feel ready to blink again. The phantom hits you!
You die...

#..#.#.# ..#
#.##...# ##..
#.##..####...
######>...........
#.....?.....?....#
#................#
#................#
#.W..†.......w..<#
#@fS.............#
#######..........#
#!.....(...#
############


You could see a phantom, a sleepcap and an adder.

Vanquished Creatures
  A black bear (D:3)
  An ice beast (D:5)
  A centaur (D:3)
  2 bombardier beetles
  An orc priest (D:3)
  A jelly (D:4)
  A sleepcap (D:4)
  A hound (D:5)
  An orc wizard (D:4)
  4 adders
  5 dart slugs
  2 ribbon worms
  7 orcs
  8 endoplasms
  4 giant cockroaches
  7 goblins
  6 hobgoblins
  7 jackals
  5 quokkas
  4 ball pythons
  5 bats (D:1)
  6 frilled lizards
  7 kobolds
  4 rats
91 creatures vanquished.

Vanquished Creatures (others)
  An iguana (D:5)
1 creature vanquished.

Grand Total: 92 creatures vanquished

Notes
Turn   | Place    | Note
-------+----------+-------------------------------------------
     0 | D:1      | pokeman the Deep Elf Hedge Wizard began the quest for the
                  | Orb.
     0 | D:1      | Reached XP level 1. HP: 10/10 MP: 7/7
   334 | D:1      | Reached XP level 2. HP: 16/16 MP: 5/9
   907 | D:1      | Reached skill level 5 in Spellcasting
  1224 | D:1      | Reached XP level 3. HP: 20/20 MP: 8/11
  1228 | D:1      | Learned a level 3 spell: Mephitic Cloud
  1231 | D:1      | Learned a level 2 spell: Call Imp
  1234 | D:1      | Learned a level 2 spell: Blink
  1614 | D:2      | Reached skill level 1 in Fighting
  1614 | D:2      | Reached skill level 1 in Armour
  2240 | D:2      | Found a broken altar of Ashenzari.
  2306 | D:2      | Identified the +5 dagger "Guad" {drain, Str+2 Dex+4 SInv}
  2402 | D:2      | Reached XP level 4. HP: 25/25 MP: 9/13
  3018 | D:3      | Noticed a black bear
  3020 | D:3      | Reached skill level 6 in Spellcasting
  3020 | D:3      | Reached XP level 5. HP: 27/29 MP: 2/15
  3039 | D:3      | Killed a black bear
  3040 | D:3      | Reached skill level 1 in Air Magic
  3040 | D:3      | Reached skill level 1 in Alchemy
  3064 | D:3      | Noticed a centaur
  3153 | D:3      | Killed a centaur
  3154 | D:3      | Reached skill level 7 in Spellcasting
  3154 | D:3      | Reached XP level 6. HP: 34/34 MP: 14/18
  3182 | D:3      | Found a faded altar of an unknown god.
  3489 | D:3      | Found Muiqirgh's Magic Scroll Emporium.
  3512 | D:3      | Bought a scroll of teleportation for 30 gold pieces
  3512 | D:3      | Bought a scroll of identify for 20 gold pieces
  3512 | D:3      | Bought a scroll of teleportation for 30 gold pieces
  3512 | D:3      | Bought a scroll of blinking for 75 gold pieces
  3512 | D:3      | Bought a scroll of identify for 20 gold pieces
  4142 | D:3      | Bought a scroll of noise for 10 gold pieces
  4389 | D:5      | Entered Level 5 of the Dungeon
  4389 | D:5      | Noticed an ice beast
  4416 | D:5      | Reached skill level 1 in Evocations
  4416 | D:5      | Reached XP level 7. HP: 6/40 MP: 15/20
  4419 | D:5      | Reached skill level 8 in Spellcasting
  4421 | D:5      | Slain by a phantom

Illustrated notes

Levels and vault maps discovered:
D:1:      eino_arrival_cavern_a, layout_loops_ring, minmay_liquid_box,
          minmay_quantized
D:2:      minmay_chambers_of_ones, layout_loops_ring, basic_altar,
          grunt_ministairs_15
D:3:      layout_basic, hellmonk_ecumenical_altar_lost_god, serial_shops, shop
D:4:      layout_gridville
D:5:      layout_rooms, lemuel_crystal_altar, minmay_temple_entry_proselytizer,
          uniq_ijyb

Skill      XL: |  1  2  3  4  5  6  7 |
---------------+----------------------+-----
Spellcasting   | 5 6 7 8 |  8.0
Fighting       | 1 2 |  2.1
Armour         | 1 |  1.0
Conjurations   | 2 3 |  3.9
Stealth        | 3 |  3.0
Dodging        | 3 |  3.0
Air Magic      | 1 |  1.0
Alchemy        | 1 |  1.3
Evocations     | 1 |  1.3
Summonings     | |  1.1
Translocations | |  1.1

Action                     |  1- 3 |  4- 6 |  7- 9 || total
---------------------------+-------+-------+-------++-------
  Melee: Dagger            |     5 |    51 |     5 ||    61
   Cast: Magic Dart        |   123 |    92 |       ||   215
         Mephitic Cloud    |       |    10 |       ||    10
         Blink             |       |     2 |     1 ||     3
         Call Imp          |       |     1 |       ||     1
  Evoke: Wand              |       |     1 |       ||     1
   Stab: Sleeping          |     1 |       |       ||     1
         Confused          |       |     3 |       ||     3
 Armour: Robe              |    13 |    36 |     6 ||    55
  Dodge: Dodged            |    14 |    32 |     4 ||    50

Table legend: (Time is in decaauts)
 A = Elapsed time spent in this place.
 B = Non-inter-level travel time spent in this place.
 C = Inter-level travel time spent in this place.
 D = Time resting spent in this place.
 E = Time spent auto-exploring this place.
 F = Levels seen in this place.
 G = Mean time per level.
                   A        B        C        D        E       F      G
               +--------+--------+--------+--------+--------+-----+--------+
         Total |   4418 |   4232 |    186 |     85 |   3628 |   5 |  883.6 |
       Dungeon |   4418 |   4232 |    186 |     85 |   3628 |   5 |  883.6 |
               +--------+--------+--------+--------+--------+-----+--------+

Top non-repeatable levels by time:
     D:1: 1525 daAuts
     D:2: 1191 daAuts
     D:3: 1039 daAuts
     D:4: 631 daAuts
     D:5: 31 daAuts
